 Dungeon Crawl Stone Soup version 0.31-a0-524-g2a164cf6a2 (webtiles) character file.

Game seed: 9940748719335486860

186 AdnanSaban the Trooper (level 5, -7/33 HPs)
             Began as a Gargoyle Fighter on Aug 12, 2023.
             Mangled by an iguana (11 damage)
             ... on level 3 of the Dungeon.
             The game lasted 00:02:43 (2561 turns).

AdnanSaban the Trooper (Gargoyle Fighter)           Turns: 2561, Time: 00:02:44

Health: -7/33      AC: 17    Str: 21    XL:     5   Next: 65%
Magic:  5/5        EV:  6    Int:  9    God:
Gold:   200        SH:  4    Dex:  9    Spells: 4/4 levels left

rFire   . . .        a - +0 flail
rCold   . . .        c - +0 buckler
rNeg    + . .        m - +0 plate armour
rPois   ∞            k - +0 helmet
rElec   +            (no cloak)
rCorr   .            (no gloves)
SInv    .            (no boots)
Will    .....        (no amulet) Stlth
                     (no ring)
HPRegen 0.25/turn    (no ring)
MPRegen 0.09/turn

%: no passive effects
@: no status effects
A: sickness immunity, AC +4, negative energy resistance 1, electricity
resistance, torment resistance 1, petrification resistance
a: no special abilities


You were on level 3 of the Dungeon.
You visited 1 branch of the dungeon, and saw 3 of its levels.

You collected 200 gold pieces.

Inventory:

Hand Weapons
 a - a +0 flail (weapon)
Missiles
 p - 2 throwing nets
Armour
 c - a +0 buckler (worn)
 k - a +0 helmet (worn)
 m - a +0 plate armour (worn)
Wands
 o - a wand of paralysis (1)
Scrolls
 b - a scroll of poison {unknown}
 g - 8 scrolls of identify {unknown}
 i - a scroll of amnesia {unknown}
 l - a scroll of brand weapon {unknown}
 n - 3 scrolls of teleportation {unknown}
Potions
 d - 2 potions of might
 e - 2 potions of lignification {unknown}
 f - a potion of heal wounds {unknown}
 h - 2 potions of magic {unknown}
 j - a potion of berserk rage {unknown}
 q - a potion of enlightenment {unknown}
 r - a potion of mutation {unknown}


   Skills:
 + Level 4.3 Fighting
 + Level 3.5 Maces & Flails
 + Level 4.2 Armour
 + Level 0.9 Dodging
 + Level 4.1 Shields


You had 4 spell levels left.
You didn't know any spells.
Your spell library contained the following spells:

 Spells                   Type           Power      Damage    Failure   Level
 Magic Dart               Conj           0%         1d3       100%        1
 Shock                    Conj/Air       0%         1d3       100%        1
 Searing Ray              Conj           0%         2d4       100%        2
 Swiftness                Air            0%         N/A       100%        3
 Airstrike                Air            0%         2d(0-16)  100%        4
 Fulminant Prism          Conj/Hex       0%         3d5       100%        4


Dungeon Overview and Level Annotations

Branches:
Dungeon (3/15)

Altars:
Gozag
Okawaru
Zin


Innate Abilities, Weirdness & Mutations

You are immune to sickness and miasma.
Your stone body is resilient. (AC +4)
You are immune to poison.
You resist negative energy. (rN+)
You are resistant to electric shocks. (rElec)
You are resistant to unholy torment.
You are immune to petrification.


Message History

You completely miss the iguana. You block the jackal's attack.
The iguana bites you but does no damage.
The jackal barely misses you. The iguana closely misses you.
You barely miss the iguana. You block the jackal's attack.
The jackal bites you but does no damage.
The iguana bites you!
* * * LOW HITPOINT WARNING * * *
You are too injured to fight recklessly!
You are too injured to fight recklessly!
You are too injured to fight recklessly!
You are too injured to fight recklessly!
You are too injured to fight recklessly!
You are too injured to fight recklessly!
You are too injured to fight recklessly!
You are too injured to fight recklessly!
You are too injured to fight recklessly!
You are too injured to fight recklessly!
You are too injured to fight recklessly!
You are too injured to fight recklessly!
You are too injured to fight recklessly!
You are too injured to fight recklessly!
You are too injured to fight recklessly!
The iguana attacks as you move away!
The iguana bites you but does no damage.
The jackal bites you but does no damage.
The iguana attacks as you move away! The iguana bites you.
* * * LOW HITPOINT WARNING * * *
The jackal bites you but does no damage.
The jackal attacks as you move away!
The jackal bites you but does no damage.
The iguana attacks as you move away!
The iguana bites you but does no damage.
The jackal attacks as you move away! The jackal bites you.
* * * LOW HITPOINT WARNING * * *
You closely miss the jackal. The jackal barely misses you.
The jackal bites you but does no damage.
You sock the jackal!
You kill the jackal!
You closely miss the iguana. The iguana bites you!
You die...

....###.....#................
#.>.#......................
#..............#####.....##
#......##...⌠.##...##.⌠....
##?.#.###....##8....##.....
#............###.._...##....
#.#.#.##....## #8......##...
#.#.........# ##.......#... #
#........@# ..#####.).'...
#........l# ......##..#...
....##....##...... #.##...
............##..._. ###....
...#......##... ##..... ..
#.....⌠.##.. ##.⌠.... .
##.....†.#####.......
#....................
#....................


You could see an iguana.

Vanquished Creatures
  11 gnolls
  An adder (D:3)
  A dart slug (D:2)
  An orc (D:3)
  5 ball pythons
  9 endoplasms
  2 giant cockroaches
  6 goblins
  5 hobgoblins
  5 jackals (D:3)
  A quokka (D:2)
  5 bats
  10 frilled lizards
  6 kobolds
  3 rats
71 creatures vanquished.

Notes
Turn   | Place    | Note
-------+----------+-------------------------------------------
     0 | D:1      | AdnanSaban the Gargoyle Fighter began the quest for the
                  | Orb.
     0 | D:1      | Reached XP level 1. HP: 14/14 MP: 1/1
    92 | D:1      | You fall into a shaft and drop 1 floor!
   124 | D:2      | Reached XP level 2. HP: 18/19 MP: 2/2
   545 | D:1      | Reached XP level 3. HP: 22/24 MP: 3/3
  1113 | D:1      | Reached XP level 4. HP: 13/29 MP: 4/4
  1332 | D:2      | Found a glowing silver altar of Zin.
  1528 | D:2      | Reached XP level 5. HP: 27/33 MP: 5/5
  1569 | D:2      | Identified the +1 robe "Axaved" {rCorr Str+4}
  1945 | D:3      | Found a glowing silver altar of Zin.
  1945 | D:3      | Found an opulent altar of Gozag.
  2516 | D:3      | Found a faded altar of an unknown god.
  2521 | D:3      | Found an iron altar of Okawaru.
  2561 | D:3      | Mangled by an iguana

Illustrated notes

Levels and vault maps discovered:
D:1:      minmay_arrival_jagged, layout_loops_cross
D:2:      layout_loops_ring, basic_altar, minivault_25, minmay_lizard_king
D:3:      layout_basic, grunt_temple_overflow_gold_and_silver,
          nicolae_overflow_ecumenical_swirl, minmay_starry_boxes

Skill      XL: |  1  2  3  4  5 |
---------------+----------------+-----
Fighting       | 4 |  4.3
Maces & Flails | 3 |  3.5
Armour         | 4 |  4.2
Shields        | 4 |  4.1
Dodging        | |  0.9

Action                     |  1- 3 |  4- 6 || total
---------------------------+-------+-------++-------
  Melee: Flail             |    95 |   165 ||   260
 Armour: Scale mail        |    64 |    27 ||    91
         Plate armour      |       |   116 ||   116
  Dodge: Dodged            |    49 |    54 ||   103
  Block: Buckler           |    24 |    39 ||    63

Table legend: (Time is in decaauts)
 A = Elapsed time spent in this place.
 B = Non-inter-level travel time spent in this place.
 C = Inter-level travel time spent in this place.
 D = Time resting spent in this place.
 E = Time spent auto-exploring this place.
 F = Levels seen in this place.
 G = Mean time per level.
                   A        B        C        D        E       F      G
               +--------+--------+--------+--------+--------+-----+--------+
         Total |   2642 |   2509 |    133 |    232 |   1576 |   3 |  880.7 |
       Dungeon |   2642 |   2509 |    133 |    232 |   1576 |   3 |  880.7 |
               +--------+--------+--------+--------+--------+-----+--------+

Top non-repeatable levels by time:
     D:2: 1026 daAuts
     D:1: 1000 daAuts
     D:3: 616 daAuts
